 Dungeon Crawl Stone Soup version 0.17-a0-1667-g4ca74a1 (webtiles) character file.

444 karlkraus the Covered (level 6, -4/55 HPs)
             Began as a Minotaur Fighter on Aug 18, 2015.
             Slain by a gnoll
             ... wielding a +0 halberd
              (11 damage)
             ... on level 4 of the Dungeon.
             The game lasted 00:05:33 (2841 turns).

karlkraus the Covered (Minotaur Fighter)            Turns: 2841, Time: 00:05:33

Health: -4/55      AC: 10    Str: 21    XL:     6   Next: 72%
Magic:  5/5        EV: 10    Int:  5    God:
Gold:   113        SH: 10    Dex: 11    Spells: 0 memorised, 5 levels left

rFire  . . .     SeeInvis .     a - +0 flail
rCold  . . .     Clarity  .     b - +0 scale mail
rNeg   . . .     SustAt   .     c - +0 shield
rPois  .         Gourm    .     (helmet restricted)
rElec  .         Spirit   .     (no cloak)
rCorr  .         Warding  .     u - +2 pair of gloves {archery}
rMut   .         Stasis   .     (no boots)
MR     +....                    (no amulet)
Stlth  ..........               l - +1 ring of evasion
                                r - ring of protection from magic

@: somewhat resistant to hostile enchantments, extremely unstealthy
A: retaliatory headbutt, horns 2
a: no special abilities


You were on level 4 of the Dungeon.
You were hungry.

You visited 1 branch of the dungeon, and saw 4 of its levels.

You collected 212 gold pieces.
You spent 99 gold pieces at shops.

Inventory:

Hand weapons
 a - a +0 flail (weapon)
Armour
 b - a +0 scale mail (worn)
 c - a +0 shield (worn)
 u - a +2 pair of gloves of archery (worn)
Jewellery
 l - a +1 ring of evasion (right hand)
 r - a ring of protection from magic (left hand)
Scrolls
 f - 5 scrolls of identify {unknown}
 n - 2 scrolls of enchant weapon {unknown}
 o - 2 scrolls of remove curse {unknown}
 p - 2 scrolls of immolation {unknown}
 s - 2 scrolls of magic mapping {unknown}
 w - a scroll of teleportation {unknown}
 y - a scroll of recharging {unknown}
 z - a scroll of random uselessness {unknown}
Potions
 d - 2 potions of might
 g - 3 potions of curing {unknown}
 h - 2 potions of heal wounds {unknown}
 i - a potion of flight {unknown}
 k - 2 potions of agility {unknown}
 t - a potion of brilliance {unknown}
 v - a potion of berserk rage {unknown}
 x - a potion of mutation {unknown}
Comestibles
 e - 2 bread rations
 j - 2 beef jerkies
 m - 2 meat rations
 q - 11 fruits


   Skills:
 + Level 4.9 Fighting
 + Level 3.7 Maces & Flails
 + Level 5.8 Armour
 + Level 3.2 Dodging
 + Level 0.3 Stealth
 + Level 5.2 Shields


You had 5 spell levels left.
You didn't know any spells.

Dungeon Overview and Level Annotations

Branches:
Dungeon (4/15)
 Temple: D:4-7

Altars:
Cheibriados
Nemelex Xobeh
Trog

Shops:
D:4 [


Innate Abilities, Weirdness & Mutations

You reflexively headbutt those who attack you in melee.
You have a pair of horns on your head.


Message History

You block the gnoll's attack.
You hit the gnoll. Your headbutt misses the gnoll.
The gnoll is heavily wounded.
The gnoll completely misses you. You furiously retaliate!
You headbutt the gnoll! The gnoll barely misses you. The gnoll misses you.
Unknown command.
Your shield and scale mail prevent you from hitting the gnoll.
You headbutt the gnoll.
You kill the gnoll!
The gnoll misses you. You block the gnoll's attack. The gnoll hits you.
* * * LOW HITPOINT WARNING * * *
You thump the gnoll!
You kill the gnoll!
You block the gnoll's attack. The gnoll hits you but does no damage.
You see here a giant gecko corpse.
The gnoll barely misses you.
Your shield prevents you from hitting the gnoll.
The gnoll hits you with a halberd!
You die...

#.....#
.......##
........#
...(....##
.........#
.........#
.........#
......†g@##
......##†.##
..... ##()##
#### #...#
##..#####..
##........
##...####..
##..###
##..##


You could see a gnoll.

Vanquished Creatures
  An ogre (D:4)
  A water moccasin skeleton (D:4)
  A gnoll shaman (D:4)
  A hound (D:3)
  An orc wizard (D:3)
  5 gnolls
  A shadow imp (D:3)
  5 adders
  3 oozes
  3 worms
  6 orcs
  8 giant cockroaches
  7 hobgoblins
  12 jackals
  A quokka (D:3)
  2 ball pythons
  6 bats
  5 giant geckos
  5 giant newts
  12 goblins
  13 kobolds
  9 rats
108 creatures vanquished.

Notes
Turn   | Place    | Note
--------------------------------------------------------------
     0 | D:1      | karlkraus the Minotaur Fighter began the quest for the Orb.
     0 | D:1      | Reached XP level 1. HP: 19/19 MP: 0/0
   144 | D:1      | Reached skill level 4 in Armour
   144 | D:1      | Reached XP level 2. HP: 18/27 MP: 1/1
   264 | D:1      | Reached XP level 3. HP: 13/33 MP: 2/2
   794 | D:2      | Reached skill level 1 in Dodging
  1032 | D:2      | Reached XP level 4. HP: 29/40 MP: 3/3
  1269 | D:2      | Found a sparkling altar of Nemelex Xobeh.
  1419 | D:3      | Found a bloodstained altar of Trog.
  1575 | D:3      | Reached XP level 5. HP: 45/47 MP: 4/4
  1661 | D:3      | Found a snail-covered altar of Cheibriados.
  1842 | D:3      | Reached skill level 5 in Armour
  2342 | D:4      | Reached skill level 5 in Shields
  2342 | D:4      | Reached XP level 6. HP: 39/53 MP: 5/5
  2349 | D:4      | Noticed an ogre
  2360 | D:4      | Killed an ogre
  2491 | D:4      | Found Pinlidiu's Antique Armour Emporium.
  2505 | D:4      | Bought a pair of glowing gloves for 99 gold pieces
  2841 | D:4      | Slain by a gnoll

Vault maps used:
D:1:      minmay_arrival_widening_spiral_wide, serial_park_tiny_pond
D:2:      nemelex_dance_club_becter
D:3:      cheibriados_altar_1, dk_vineyard_3, trog_hazing_becter
D:4:      serial_shops, nicolae_shop_statue_plus

Action                   |  1- 3 |  4- 6 || total
-------------------------+-------+-------++-------
Melee: Flail             |   104 |   177 ||   281
  Eat: Chunk             |       |     5 ||     5
       Fruit             |       |     1 ||     1
